 Dungeon Crawl Stone Soup version 0.29-a0-620-g13ace881f2 (webtiles) character file.

Game seed: 2200430572464880073

90 HoaS the Cudgeller (level 4, -1/35 HPs)
             Began as a Formicid Fighter on June 18, 2022.
             Slain by an orc priest
             ... wielding a +0 hand axe
              (4 damage)
             ... on level 3 of the Dungeon.
             The game lasted 00:05:11 (2937 turns).

HoaS the Cudgeller (Formicid Fighter)               Turns: 2937, Time: 00:05:12

Health: -1/35      AC:  8    Str: 22    XL:     4   Next: 85%
Magic:  4/4        EV:  9    Int:  8    God:
Gold:   154        SH:  0    Dex: 13    Spells: 3/3 levels left

rFire   . . .      SeeInvis +   a - +0 flail
rCold   . . .      Faith    .   c - +0 buckler
rNeg    . . .      Spirit   .   b - +0 scale mail
rPois   .          Reflect  .   (helmet unavailable)
rElec   .          Harm     .   k - +0 cloak
rCorr   .          Rampage  .   (no gloves)
Will    .....                   (no boots)
Stlth   ..........              (no amulet)
HPRegen 0.11/turn               (no ring)
MPRegen 0.09/turn               (no ring)

@: confused, mighty
A: permanent stasis, dig shafts and tunnels, antennae 3, four strong arms
a: Dig, Shaft Self


You were on level 3 of the Dungeon.
You visited 1 branch of the dungeon, and saw 3 of its levels.

You collected 154 gold pieces.

Inventory:

Hand Weapons
 a - a +0 flail (weapon)
Armour
 b - a +0 scale mail (worn)
 c - a +0 buckler (worn)
 i - a +0 chain mail
 k - a +0 cloak (worn)
Wands
 m - a wand of iceblast (13)
Scrolls
 f - a scroll of enchant weapon {unknown}
 g - a scroll of torment {unknown}
 j - 2 scrolls of identify {unknown}
 l - a scroll of acquirement {unknown}
 n - a scroll of poison {unknown}
 o - a scroll of amnesia {unknown}
 p - a scroll of fog {unknown}
 q - a scroll of teleportation {unknown}
 s - a scroll of enchant armour {unknown}
 t - a scroll of noise {unknown}
Potions
 d - a potion of might
 e - a potion of experience {unknown}
 h - a potion of heal wounds {unknown}
 r - a potion of ambrosia {unknown}


   Skills:
 - Level 3.2 Fighting
 + Level 4.6 Maces & Flails
 - Level 3.2 Armour
 - Level 4.0 Shields


You had 3 spell levels left.
You didn't know any spells.
Your spell library contained the following spells:

 Spells                   Type           Power      Damage    Failure   Level
 Summon Small Mammal      Summ           0%         N/A       80%         1
 Call Canine Familiar     Summ           0%         N/A       99%         3
 Summon Guardian Golem    Hex/Summ       0%         N/A       99%         3


Dungeon Overview and Level Annotations

Branches:
Dungeon (3/15)

Altars:

Annotations:
D:3 Robin


Innate Abilities, Weirdness & Mutations

You cannot be hasted, slowed, berserked, paralysed or teleported.
You can dig through walls and to a lower floor.
You have a pair of large antennae on your head. (SInv)
Your four strong arms can wield two-handed weapons with a shield.


Message History

The orc priest is severely wounded.
The orc closely misses you.
The orc wizard hits you but does no damage.
The orc priest calls upon Beogh to heal the orc.
The orc's wounds heal themselves!
You miss the orc priest.
The orc priest is severely wounded.
The orc hits you but does no damage.
The orc wizard hits you but does no damage.
The orc priest mumbles some strange prayers to Beogh against you.
Pain shoots through your body!
* * * LOW HITPOINT WARNING * * *
You bump into the rock wall.
The orc hits you but does no damage.
The orc wizard hits you but does no damage.
The orc priest barely misses you.
You bump into the rock wall.
The orc hits you but does no damage. The orc wizard casts a spell at you.
The puff of flame hits you.
* * * LOW HITPOINT WARNING * * *
The orc priest mumbles some strange prayers to Beogh against you.
Pain shoots through your body!
* * * LOW HITPOINT WARNING * * *
You bump into the rock wall.
The orc hits you but does no damage. The orc wizard barely misses you.
The orc priest barely misses you.
You bump into the rock wall.
You feel less confused. The orc barely misses you.
The orc wizard hits you but does no damage.
The orc priest hits you with a +0 hand axe.
* * * LOW HITPOINT WARNING * * *
You feel very mighty all of a sudden. The orc closely misses you.
The orc wizard completely misses you.
The orc priest looks encouraged for a moment.
You closely miss the orc priest.
The orc priest is severely wounded.
The orc hits you but does no damage. The orc wizard casts a spell at you.
You are confused.
The orc priest hits you with a +0 hand axe.
You die...

#.######.#.#.# #.#
#.#.# .. #.# #.#.# ##
#.# #.#)# #.###.####
#.#.#
#........###...#
####.......#..#
#..)..#.##o#..#
#.###.#.##@#.>#
###.....#..oo##.#
#####...#...#..#.##.#
........#..##..#....#
...............#.####
....#..#.......#.#
....##.†.........#
........#........#
.......##.#......#


You could see an orc priest, an orc wizard and an orc.

Vanquished Creatures
  2 adders (D:2)
  2 dart slugs (D:1)
  An orc (D:3)
  4 bats
  An endoplasm (D:1)
  5 giant cockroaches
  12 goblins
  6 hobgoblins
  3 jackals (D:2)
  A quokka (D:2)
  5 ball pythons
  4 frilled lizards
  9 kobolds
  6 rats
61 creatures vanquished.

Notes
Turn   | Place    | Note
-------+----------+-------------------------------------------
     0 | D:1      | HoaS the Formicid Fighter began the quest for the Orb.
     0 | D:1      | Reached XP level 1. HP: 18/18 MP: 1/1
   172 | D:1      | Reached XP level 2. HP: 16/24 MP: 2/2
   638 | D:1      | Reached XP level 3. HP: 29/29 MP: 3/3
  1439 | D:2      | Reached XP level 4. HP: 14/35 MP: 4/4
  2617 | D:3      | Identified the +0 helmet of Mutualism {rC++ Str-3 Int+7}
  2617 | D:3      | Noticed Robin
  2937 | D:3      | Slain by an orc priest

Illustrated notes

Levels and vault maps discovered:
D:1:      wheals_arrival_linesprint, layout_basic, chequers_serial_rivers_marsh
D:2:      layout_basic
D:3:      layout_basic, uniq_crazy_yiuf_cottage, uniq_robin

Skill      XL: |  1  2  3 |
---------------+----------+-----
Maces & Flails | 3 4 |  4.6
Fighting       | |  3.2
Armour         | |  3.2
Shields        | |  4.0

Action                   |  1- 3 |  4- 6 || total
-------------------------+-------+-------++-------
Melee: Flail             |   114 |    86 ||   200
  Use: Potion            |       |     1 ||     1
Armor: Scale mail        |    63 |    56 ||   119
Dodge: Dodged            |    61 |    55 ||   116
Block: Buckler           |    33 |    28 ||    61

Table legend: (Time is in decaauts)
 A = Elapsed time spent in this place.
 B = Non-inter-level travel time spent in this place.
 C = Inter-level travel time spent in this place.
 D = Time resting spent in this place.
 E = Time spent auto-exploring this place.
 F = Levels seen in this place.
 G = Mean time per level.
                   A        B        C        D        E       F      G
               +--------+--------+--------+--------+--------+-----+--------+
         Total |   2994 |   2875 |    119 |   1073 |   1206 |   3 |  998.0 |
       Dungeon |   2994 |   2875 |    119 |   1073 |   1206 |   3 |  998.0 |
               +--------+--------+--------+--------+--------+-----+--------+

Top non-repeatable levels by time:
     D:2: 1581 daAuts
     D:1: 1252 daAuts
     D:3: 160 daAuts
